 Dungeon Crawl Stone Soup version 0.31.0-1-g2c135a0 (webtiles) character file.

Game seed: 15575635954312577842

5222 samcosmo the Thaumaturge (level 10, -8/59 HPs)
             Began as a Deep Elf Alchemist on Mar 15, 2024.
             Was a Follower of Sif Muna.
             Mangled by a boulder beetle (40 damage)
             ... on level 9 of the Dungeon.
             The game lasted 00:38:06 (10422 turns).

samcosmo the Thaumaturge (Deep Elf Alchemist)      Turns: 10422, Time: 00:38:07

Health: -8/59      AC:  7    Str: 11    XL:     10   Next: 35%
Magic:  0/25       EV: 15    Int: 30    God:    Sif Muna [*.....]
Gold:   384        SH:  0    Dex: 13    Spells: 12/28 levels left

rFire   + . .        p - staff of fire
rCold   + . .        (no shield)
rNeg    + . .        A - +0 steam dragon scales
rPois   .            (no helmet)
rElec   .            q - +0 cloak
rCorr   .            (no gloves)
SInv    .            y - +0 pair of boots
Will    +....        t - amulet of Pyorchyer {Spirit rN+ Int+5 Dex-2}
Stlth   ++           i - ring of protection from cold
HPRegen 0.29/turn    e - +6 ring of strength
MPRegen 0.19/turn

%: guardian spirit
@: no status effects
A: no striking features
a: Renounce Religion, Channel Magic


You were on level 9 of the Dungeon.
You worshipped Sif Muna.
Sif Muna was aware of your devotion.
You visited 2 branches of the dungeon, and saw 10 of its levels.

You collected 384 gold pieces.

Inventory:

Hand Weapons
 k - a +0 dagger
Armour
 a - a +2 robe
 q - a +0 cloak (worn)
 y - a +0 pair of boots (worn)
 A - +0 steam dragon scales (worn)
Magical Staves
 p - a staff of fire (weapon)
Jewellery
 e - a +6 ring of strength (right hand)
 i - a ring of protection from cold (left hand)
 o - an amulet of reflection
 t - the amulet of Pyorchyer (around neck) {Spirit rN+ Int+5 Dex-2}
   (You found it on level 4 of the Dungeon)

   [amulet of guardian spirit]

   Spirit:    It causes incoming damage to be divided between your reserves of
   health and magic.
   Int+5:     It affects your intelligence (+5).
   Dex-2:     It affects your dexterity (-2).
   rN+:       It protects you from negative energy.
Talismans
 v - a granite talisman
 x - a blade talisman
Wands
 u - a wand of quicksilver (10)
 w - a wand of digging (6)
 C - a wand of polymorph (8)
Scrolls
 d - 3 scrolls of fog
 g - 3 scrolls of fear
 m - 3 scrolls of revelation
 s - 2 scrolls of immolation
 B - a scroll of butterflies
Potions
 b - 3 potions of magic
 c - 2 potions of haste
 f - a potion of might
 h - 3 potions of cancellation
 j - 3 potions of heal wounds
 l - 3 potions of enlightenment
 n - a potion of invisibility
 r - a potion of resistance {unknown}
 z - a potion of mutation {unknown}
 D - a potion of lignification {unknown}


   Skills:
 + Level 5.4 Fighting
 - Level 7.0 Dodging
 - Level 2.4 Stealth
 + Level 9.7 Spellcasting
 - Level 1.1 Conjurations
 * Level 6.6 Fire Magic
 - Level 9.0 Alchemy
 + Level 4.6 Invocations


You had 12 spell levels left.
You knew the following spells:

 Your Spells              Type           Power      Damage    Failure   Level
a - Sting                 Conj/Alch      100%       1d9       1%          1
b - Mercury Vapours       Alch/Air       82%        N/A       1%          2
c - Mephitic Cloud        Conj/Alch/Air  34%        N/A       2%          3
d - Sticky Flame          Fire/Alch      75%        2d12      1%          4
e - Olgreb's Toxic Radia  Alch           62%        N/A       1%          4
f - Scorch                Fire           100%       2d9       1%          2

Your spell library contained the following spells:

 Spells                   Type           Power      Damage    Failure   Level
 Magic Dart               Conj           84%        1d7       2%          1
 Searing Ray              Conj           42%        2d6       3%          2
 Fulminant Prism          Conj/Alch      22%        3d12      4%          4
 Leda's Liquefaction      Alch/Erth      20%        N/A       5%          4
 Petrify                  Alch/Erth      41%        N/A       5%          4
 Flame Wave               Conj/Fire      54%        2d13      8%          4
 Frozen Ramparts          Ice            28%        1d5       11%         3
 Gell's Gravitas          Tloc           14%        N/A       11%         3
 Ozocubu's Armour         Ice            14%        N/A       11%         3
 Teleport Other           Tloc           14%        N/A       11%         3
 Vhi's Electric Charge    Tloc/Air       28%        N/A       34%         4
 Arcjolt                  Conj/Air       8%         1d18      63%         5
 Sculpt Simulacrum        Ice/Alch       20%        N/A       65%         6
 Metabolic Englaciation   Hex/Ice        7%         N/A       69%         5
 Dispersal                Tloc           7%         N/A       99%         6
 Summon Cactus Giant      Summ           7%         N/A       99%         6
 Maxwell's Capacitive Co  Air            7%         ∞         100%        8


Dungeon Overview and Level Annotations

Branches:
Dungeon (9/15)             Temple (1/1) D:6            Lair (0/5) D:8
    Orc: D:9-12

Altars:
Ashenzari
Cheibriados
Elyvilon
Fedhas
Hepliaklqana
Makhleb
Okawaru
Qazlal
Ru
Sif Muna
Trog
Uskayaw
Vehumet
Wu Jian
Xom
Yredelemnul
Zin
The Shining One

Shops:
D:2 (   D:6 *


Message History

Casting: Mercury Vapours (safe; 1% risk of failure)
Confirm with . or Enter, or press ? or * to list all spells.
You feel a surge of power!
Flames lash the boulder beetle but do no damage.
The boulder beetle bites you!!
Unknown command.
Casting: Scorch (safe; 1% risk of failure)
Confirm with . or Enter, or press ? or * to list all spells.
You feel a surge of power!
Flames lash the boulder beetle.
The boulder beetle is lightly wounded.
The boulder beetle's fire resistance burns away.
The boulder beetle bites you but does no damage.
Casting: Scorch (safe; 1% risk of failure)
Confirm with . or Enter, or press ? or * to list all spells.
You feel a surge of power!
Flames lash the boulder beetle but do no damage.
The boulder beetle bites you!
Casting: Scorch (safe; 1% risk of failure)
Confirm with . or Enter, or press ? or * to list all spells.
You feel a surge of power!
Flames lash the boulder beetle.
The boulder beetle is burned terribly!
The boulder beetle is moderately wounded.
The boulder beetle bites you!
Casting: Scorch (safe; 1% risk of failure)
Confirm with . or Enter, or press ? or * to list all spells.
Aiming: Mercury Vapours (safe; 1% risk of failure)
Press: ? - help, Dir - move target, f/p - boulder beetle
Aim: a boulder beetle (moderately wounded, very poisoned, more vulnerable to fire, chance to weaken: 25%) Fumes of mercury billow around the boulder beetle!
The boulder beetle looks as sick as possible!
The boulder beetle leaps!
Casting: Mercury Vapours (safe; 1% risk of failure)
Confirm with . or Enter, or press ? or * to list all spells.
You feel a surge of power!
Flames lash the boulder beetle.
The boulder beetle is burned terribly!
The boulder beetle is heavily wounded.
The boulder beetle curls into a ball and begins rolling!
The boulder beetle hits you!!!
Ouch! That really hurt!
You die...

##############
#...B.........
##°################
#.°°°.#<.........#
#####○##########.#
#.B@<........#
##############


You could see a boulder beetle (rolling, very poisoned, combustible).

Vanquished Creatures
  Pikel (D:4)
  3 wyverns (D:8)
  7 yaks
  A steam dragon (D:8)
  3 water moccasins (D:8)
  An acid dragon (D:8)
  A black bear (D:8)
  An ice beast (D:6)
  A sky beast (D:8)
  An orc warrior (D:8)
  An ogre (D:4)
  A centaur (D:7)
  3 phantoms
  3 bullfrogs
  Blork the orc (D:4)
  5 scorpions
  9 wights (D:8)
  2 howler monkeys (D:7)
  6 bombardier beetles
  5 hounds
  An orc priest (D:6)
  A gnoll bouda (D:8)
  A jelly (D:5)
  5 iguanas
  2 sleepcaps (D:5)
  7 adders
  11 gnolls
  2 shadow imps
  2 ufetubi
  A ribbon worm (D:4)
  3 dart slugs
  16 orcs
  4 ball pythons
  4 bats
  7 endoplasms
  9 goblins
  4 hobgoblins
  11 jackals
  2 quokkas
  14 frilled lizards
  8 kobolds
  3 rats
174 creatures vanquished.

Notes
Turn   | Place    | Note
-------+----------+-------------------------------------------
     0 | D:1      | samcosmo the Deep Elf Alchemist began the quest for the
                  | Orb.
     0 | D:1      | Reached XP level 1. HP: 10/10 MP: 6/6
   302 | D:1      | Reached XP level 2. HP: 15/15 MP: 6/8
   840 | D:1      | Reached XP level 3. HP: 20/20 MP: 6/10
  1255 | D:2      | Learned a level 2 spell: Mercury Vapours
  1301 | D:2      | Learned a level 3 spell: Mephitic Cloud
  1472 | D:2      | Found Quloocho's Antique Weapon Boutique.
  1477 | D:2      | Reached skill level 1 in Fighting
  1506 | D:2      | Found a faded altar of an unknown god.
  2288 | D:3      | Reached XP level 4. HP: 25/25 MP: 6/12
  2710 | D:4      | Noticed a lemure
  2763 | D:4      | Noticed Blork the orc
  2789 | D:4      | Noticed a scorpion
  2792 | D:4      | Killed a scorpion
  2793 | D:4      | Reached skill level 5 in Spellcasting
  2799 | D:4      | Learned a level 4 spell: Sticky Flame
  2830 | D:4      | Reached XP level 5. HP: 29/29 MP: 8/14
  3230 | D:4      | Reached XP level 6. HP: 35/35 MP: 13/16
  3408 | D:4      | Identified the amulet of Pyorchyer {Spirit rN+ Int+5 Dex-2}
  3420 | D:4      | Found a hide-covered altar of Uskayaw.
  3503 | D:4      | Killed Blork the orc
  3504 | D:4      | Reached skill level 1 in Fire Magic
  3697 | D:4      | Noticed Pikel
  3712 | D:4      | Killed Pikel
  3713 | D:4      | Reached skill level 5 in Alchemy
  3713 | D:4      | Reached XP level 7. HP: 26/40 MP: 1/18
  3860 | D:4      | Reached skill level 5 in Dodging
  4064 | D:4      | Reached XP level 8. HP: 46/46 MP: 11/20
  4143 | D:5      | Entered Level 5 of the Dungeon
  4947 | D:5      | Reached skill level 5 in Fire Magic
  5623 | D:6      | Learned a level 4 spell: Olgreb's Toxic Radiance
  5785 | D:6      | Found a staircase to the Ecumenical Temple.
  5833 | Temple   | Entered the Ecumenical Temple
  5904 | Temple   | Became a worshipper of Sif Muna the Loreminder
  6272 | D:6      | Reached skill level 1 in Invocations
  6484 | D:6      | Found Poij's Assorted Antiques.
  7318 | D:7      | Reached XP level 9. HP: 52/52 MP: 19/23
  8059 | D:7      | Learned a level 2 spell: Scorch
  8389 | D:8      | Reached * piety under Sif Muna
  9046 | D:8      | Reached skill level 5 in Fighting
  9069 | D:8      | Reached XP level 10. HP: 17/59 MP: 0/25
  9252 | D:8      | Found a staircase to the Lair.
 10177 | D:9      | Noticed a boulder beetle
 10422 | D:9      | Mangled by a boulder beetle

Illustrated notes

Levels and vault maps discovered:
D:1:      nagdon_arrival_double_spiral, layout_loops_ring,
          palyth_stone_intersect, minmay_misc_feat_doors
D:2:      layout_loops_ring, ebering_ecumenical_altar_ruins, serial_shops, shop,
          minmay_lizard_king
D:3:      layout_rooms
D:4:      layout_basic, marbit_many_paths, chequers_garden, uniq_blork_the_orc,
          uniq_pikel
D:5:      layout_cave_pods
D:6:      layout_basic, minmay_temple_entry_slanted, serial_shops,
          nicolae_shop_just_a_little_nook, nicolae_water_bricks,
          water_boxes_lemuel
D:7:      layout_loops_cross, nicolae_the_louvre
D:8:      layout_basic, minmay_lair_entry_grove
D:9:      gammafunk_wand_slinger, layout_basic, nicolae_overflow_hidden_temple,
          uniq_erica, uniq_maurice
Temple:   minmay_temple_bridge_d

Skill      XL: |  1  2  3  4  5  6  7  8  9 10 |
---------------+-------------------------------+-----
Spellcasting   | 4 5 6 8 9 |  9.7
Dodging        | 3 4 5 6 7 |  7.0
Fighting       | 1 2 3 4 5 |  5.4
Alchemy        | 4 5 6 8 9 |  9.0
Fire Magic     | 3 4 5 6 |  6.6
Invocations    | 1 3 4 |  4.6
Stealth        | |  2.4
Conjurations   | |  1.1

Action                     |  1- 3 |  4- 6 |  7- 9 | 10-12 || total
---------------------------+-------+-------+-------+-------++-------
  Melee: Unarmed           |    20 |       |       |       ||    20
         Punch             |     1 |       |       |       ||     1
         Staff             |       |    18 |    15 |     2 ||    35
   Cast: Sting             |   116 |    57 |   198 |     6 ||   377
         Mercury Vapours   |     2 |    10 |    23 |     7 ||    42
         Mephitic Cloud    |       |     2 |    10 |     2 ||    14
         Sticky Flame      |       |       |    13 |       ||    13
         Scorch            |       |       |    31 |    47 ||    78
         Olgreb's Toxic Ra |       |       |     5 |       ||     5
 Invoke: Channel Magic     |       |       |       |     1 ||     1
    Use: Scroll            |     4 |     5 |     7 |       ||    16
         Potion            |       |       |       |     1 ||     1
 Armour: Robe              |    17 |    17 |    93 |       ||   127
         Steam dragon scal |       |       |    14 |    26 ||    40
  Dodge: Dodged            |    45 |    19 |   151 |    23 ||   238
  Block: Other             |       |     5 |       |       ||     5
